 Dungeon Crawl Stone Soup version 0.23-a0-516-g0f8c245 (webtiles) character file.

6 theanonym the Vexing (level 1, -1/15 HPs)
             Began as a Mummy Enchanter on Dec 5, 2018.
             Slain by a leopard gecko (2 damage)
             ... on level 1 of the Dungeon.
             The game lasted 00:00:19 (424 turns).

theanonym the Vexing (Mummy Enchanter)               Turns: 424, Time: 00:00:20

Health: -1/15      AC:  2    Str: 11    XL:     1   Next: 75%
Magic:  4/4        EV: 12    Int: 14    God:
Gold:   0          SH:  0    Dex: 12    Spells: 4/5 levels left

rFire    x . .     SeeInvis .   a - +1 dagger
rCold    + . .     Gourm    .   (no shield)
rNeg     + + +     Faith    .   b - +0 robe
rPois    ∞         Spirit   .   (no helmet)
rElec    .         Reflect  .   (no cloak)
rCorr    .         Harm     .   (no gloves)
MR       .....                  (no boots)
Stlth    ++........             (no amulet)
HPRegen  0.05/turn              (no ring)
MPRegen  0.09/turn              (no ring)

@: no status effects
A: no food or potions, fire vulnerability, cold resistance 1, negative energy
resistance 3, torment resistance, unbreathing
a: no special abilities


Innate Abilities, Weirdness & Mutations

You do not eat or drink.
Your flesh is vulnerable to fire.
You are immune to poison.
Your flesh is cold resistant. (rC+)
You are immune to negative energy. (rN+++)
You are immune to unholy pain and torment.
You can survive without breathing.


   Skills:
 + Level 1.4 Fighting
 - Level 0.7 Short Blades
 - Level 1.5 Dodging
 - Level 2.4 Stealth
 - Level 2.6 Spellcasting
 - Level 2.6 Hexes


You had 4 spell levels left.
You knew the following spells:

 Your Spells              Type           Power        Failure   Level  Hunger
a - Corona                Hex            #......      8%          1    N/A

Your spell library contained the following spells:

 Spells                   Type           Power        Failure   Level  Hunger
 Ensorcelled Hibernation  Hex/Ice        #.....       19%         2    N/A
 Confuse                  Hex            #.......     22%         3    N/A
 Tukima's Dance           Hex            #.......     22%         3    N/A
 Dazzling Spray           Conj/Hex       #.....       36%         3    N/A

Skill      XL: |  1 |
---------------+----+-----
Fighting       | 1 |  1.4
Short Blades   | |  0.7
Dodging        | |  1.5
Stealth        | |  2.4
Spellcasting   | |  2.6
Hexes          | |  2.6

Action                   || total
-------------------------++-------
Melee: Dagger            ||    23
Armor: Robe              ||     3
Dodge: Dodged            ||     9

Inventory:

Hand Weapons
 a - a +1 dagger (weapon)
Armour
 b - a +0 robe (worn)
Scrolls
 c - a scroll of identify {unknown}


You were on level 1 of the Dungeon.
You were not hungry.

You visited 1 branch of the dungeon, and saw 1 of its levels.

Dungeon Overview and Level Annotations

Branches:
Dungeon (1/15)

Altars:

# #.......# #..#
#.##.#######..#####
♣♣ #..........^...#
..♣
#.....###..###.#
..♣ ##.##.# #..#
#.# ..♣ .# #.##.#
#..# #.# ..#♣#.#
#.##.# #..# #.#
...♣..
#.##.####.###.#
..♣.♣
#@#.[.##...##.#
...♣
#l#...#%....#.#
..♣#
#l.......)....#
..≈♣
#..#####.##.....###
..#
#.........!....##
..♣
...............##
###
###.......######
(......#### #>###.#


You could see 2 leopard geckos.

Notes
Turn   | Place    | Note
-------+----------+-------------------------------------------
     0 | D:1      | theanonym the Mummy Enchanter began the quest for the Orb.
     0 | D:1      | Reached XP level 1. HP: 13/13 MP: 4/4
    56 | D:1      | HP: 5/13 [leopard gecko (5)]
   306 | D:1      | Reached skill level 1 in Fighting
   417 | D:1      | HP: 6/15 [leopard gecko (5)]
   421 | D:1      | HP: 1/15 [leopard gecko (5)]
   424 | D:1      | Slain by a leopard gecko

Vanquished Creatures
  A leopard gecko (D:1)
  A hobgoblin (D:1)
  2 frilled lizards (D:1)
  2 rats (D:1)
6 creatures vanquished.

Vanquished Creatures (others)
  4 toadstools (D:1)
4 creatures vanquished.

Grand Total: 10 creatures vanquished

Table legend:
 A = Turns spent in this place as a percentage of turns spent in the entire game.
 B = Non-inter-level travel turns spent in this place as a percentage of non-inter-level travel turns spent in the entire game.
 C = Inter-level travel turns spent in this place as a percentage of turns spent in this place.
 D = Turns resting spent in this place as a percentage of non-inter-level travel turns spent in this place.
 E = Turns spent auto-exploring this place as a percentage of non-inter-level travel turns spent in this place.
 F = Non-inter-level travel turns spent in this place divided by the number of levels of this place that you've seen.
                   A       B       C       D       E      F
               +-------+-------+-------+-------+-------+----------------------
         Total | 100.0 | 100.0 |   0.0 |  68.9 |  18.4 | 424.0
       Dungeon | 100.0 | 100.0 |   0.0 |  68.9 |  18.4 | 424.0
               +-------+-------+-------+-------+-------+----------------------
